 Dungeon Crawl Stone Soup version 0.30-a0-802-gb92711bcdf (webtiles) character file.

Game seed: 17507379832708307269

65 cforsyth the Sneak (level 4, -1/28 HPs)
             Began as a Kobold Brigand on Feb 23, 2023.
             Killed from afar by Ijyb (11 damage)
             ... with a puff of flame
             ... on level 3 of the Dungeon.
             The game lasted 00:02:43 (1331 turns).

cforsyth the Sneak (Kobold Brigand)                 Turns: 1331, Time: 00:02:44

Health: -1/28      AC:  4    Str:  8    XL:     4   Next: 34%
Magic:  4/4        EV: 15    Int: 12    God:
Gold:   67         SH:  5    Dex: 18    Spells: 3/3 levels left

rFire   . . .      SeeInvis .    a - +2 dagger
rCold   . . .      Faith    .    (no shield)
rNeg    . . .      Spirit   .    b - +0 robe
rPois   .          Reflect  +    (no helmet)
rElec   .          Harm     .    c - +0 cloak
rCorr   .          Rampage  .    (no gloves)
Will    .....                    j - +0 pair of boots
Stlth   ++++                     q - amulet of reflection
HPRegen 0.24/turn                (no ring)
MPRegen 0.09/turn                (no ring)

@: no status effects
A: small, no large weapons, nightstalker 3
a: no special abilities


You were on level 3 of the Dungeon.
You visited 1 branch of the dungeon, and saw 3 of its levels.

You collected 67 gold pieces.

Inventory:

Hand Weapons
 a - a +2 dagger (weapon)
Missiles
 d - 15 poisoned darts (quivered)
 e - 3 curare-tipped darts
Armour
 b - a +0 robe (worn)
 c - a +0 cloak (worn)
 j - a +0 pair of boots (worn)
Jewellery
 o - the amulet of Elemental Vulnerability {rPois rF-- rC-- AC+8}
   (You found it on level 2 of the Dungeon)

   [amulet of nothing]

   AC:        It affects your AC (+8).
   rF:        It makes you very vulnerable to fire.
   rC:        It makes you very vulnerable to cold.
   rPois:     It protects you from poison.
 q - an amulet of reflection (around neck)
Scrolls
 f - a scroll of teleportation {unknown}
 g - a scroll of amnesia {unknown}
 i - 2 scrolls of identify {unknown}
 k - 2 scrolls of fear {unknown}
 l - 4 scrolls of magic mapping {unknown}
 m - a scroll of enchant armour {unknown}
 r - a scroll of torment {unknown}
 s - a scroll of poison {unknown}
Potions
 h - a potion of curing {unknown}
 n - a potion of might {unknown}
 p - 2 potions of degeneration {unknown}


   Skills:
 + Level 3.0 Fighting
 + Level 3.6 Short Blades
 - Level 2.1 Throwing
 + Level 2.4 Dodging
 + Level 6.0 Stealth


You had 3 spell levels left.
You didn't know any spells.
Your spell library contained the following spells:

 Spells                   Type           Power      Damage    Failure   Level
 Magic Dart               Conj           0%         1d3       32%         1
 Slow                     Hex            0%         N/A       32%         1
 Call Imp                 Summ           0%         N/A       45%         2
 Confusing Touch          Hex            0%         N/A       69%         3
 Inner Flame              Hex/Fire       0%         N/A       69%         3
 Mephitic Cloud           Conj/Pois/Air  0%         N/A       69%         3
 Vampiric Draining        Necr           0%         2d6       69%         3
 Flame Wave               Conj/Fire      0%         2d4       97%         4
 Sticky Flame             Conj/Fire      0%         2d3       97%         4


Dungeon Overview and Level Annotations

Branches:
Dungeon (3/15)

Altars:

Annotations:
D:3 Ijyb


Innate Abilities, Weirdness & Mutations

You are small and have problems with some larger weapons.
You are completely attuned to the shadows.


Message History

No target in view!
No target in view!
No target in view!
p - 2 white potions (gained 1)
Found a spear.
You see here a +0 spear.
An endoplasm comes into view.
An endoplasm is nearby!
A kobold comes into view. It is wielding a +0 dagger.
The helpless kobold fails to defend itself.
You perforate the kobold like a sieve!!!
You kill the kobold!
No target in view!
No target in view!
No target in view!
No target in view!
No target in view!
The helpless endoplasm fails to defend itself.
You stick the endoplasm like a pincushion!!!
You kill the endoplasm!
No target in view!
No target in view!
Ijyb the Twisted Goblin comes into view.
She is wielding a +0 dagger and carrying a wand of flame (19).
Ijyb is nearby!
Found 15 gold pieces.
Ijyb shouts!
Ijyb zaps a wand.
The puff of flame hits you! You block Ijyb's attack.
You hit Ijyb but do no damage.
A rat comes into view.
Ijyb zaps a wand.
The puff of flame misses you.
You hit Ijyb but do no damage. You block Ijyb's attack.
You hit Ijyb but do no damage. You closely miss Ijyb.
Ijyb zaps a wand.
The puff of flame hits you!
You barely miss Ijyb. Ijyb barely misses you.
You hit Ijyb but do no damage. The rat bites you. Ijyb misses you.
You hit Ijyb.
Ijyb is lightly wounded.
The rat misses you.
Ijyb zaps a wand.
The puff of flame hits you!
You die...

. ...#
#.#..#
#.#..#
#.gr.####
#..@.....
#.......$
#.##.###
#. #.# #
#.# #.#
#.# #.#
#.#


You could see Ijyb and a rat.

Vanquished Creatures
  3 adders (D:2)
  2 dart slugs
  2 endoplasms (D:3)
  A giant cockroach (D:2)
  2 goblins (D:1)
  2 hobgoblins (D:2)
  8 jackals
  4 kobolds
  A quokka (D:2)
  A ball python (D:2)
  A bat (D:2)
  2 frilled lizards
  A rat (D:2)
30 creatures vanquished.

Notes
Turn   | Place    | Note
-------+----------+-------------------------------------------
     0 | D:1      | cforsyth the Kobold Brigand began the quest for the Orb.
     0 | D:1      | Reached XP level 1. HP: 12/12 MP: 1/1
   248 | D:1      | Reached XP level 2. HP: 18/18 MP: 2/2
   691 | D:2      | Found the amulet of Elemental Vulnerability {rPois rF--
                  | rC-- AC+8}
   719 | D:2      | Reached XP level 3. HP: 22/22 MP: 3/3
   967 | D:2      | Reached XP level 4. HP: 27/27 MP: 4/4
  1127 | D:2      | Identified the +0 pair of gloves of Tutz {Contam rN+ Int+3
                  | Dex+3}
  1134 | D:2      | Reached skill level 6 in Stealth
  1321 | D:3      | Noticed Ijyb
  1331 | D:3      | Killed from afar by Ijyb

Illustrated notes

Levels and vault maps discovered:
D:1:      lightli_arrival_lavapool, layout_basic
D:2:      layout_rooms
D:3:      layout_loops_ring, xom_teletrap_fun, uniq_grinder, uniq_robin,
          uniq_ijyb, uniq_sigmund

Skill      XL: |  1  2  3  4 |
---------------+-------------+-----
Short Blades   | 3 |  3.6
Dodging        | 2 |  2.4
Fighting       | 3 |  3.0
Stealth        | 6 |  6.0
Throwing       | |  2.1

Action                     |  1- 3 |  4- 6 || total
---------------------------+-------+-------++-------
  Melee: Dagger            |    59 |    14 ||    73
   Stab: Sleeping          |    11 |     6 ||    17
         Distracted        |       |     1 ||     1
 Armour: Robe              |     6 |       ||     6
  Dodge: Dodged            |    39 |     4 ||    43
  Block: Other             |     1 |     2 ||     3

Table legend: (Time is in decaauts)
 A = Elapsed time spent in this place.
 B = Non-inter-level travel time spent in this place.
 C = Inter-level travel time spent in this place.
 D = Time resting spent in this place.
 E = Time spent auto-exploring this place.
 F = Levels seen in this place.
 G = Mean time per level.
                   A        B        C        D        E       F      G
               +--------+--------+--------+--------+--------+-----+--------+
         Total |   1319 |   1302 |     17 |      0 |   1082 |   3 |  439.7 |
       Dungeon |   1319 |   1302 |     17 |      0 |   1082 |   3 |  439.7 |
               +--------+--------+--------+--------+--------+-----+--------+

Top non-repeatable levels by time:
     D:1: 676 daAuts
     D:2: 549 daAuts
     D:3: 93 daAuts
